Map: Habitation Station LE (Void)

Players

Emil

  • Race: Terran Terran
  • League: Diamond
  • Spawn Location: 1:00

ChiefVirus - Winner!

  • Race: Zerg Zerg
  • League: Platinum
  • Spawn Location: 11:00

VOD

Have the link to the VOD?

Description

Time

  • Played on: Nov. 24, 2016, 1:58 p.m.
  • Length: 6:07
Show
View Real Time Build Order
Export as new Build Order

Emil Terran 

Build Orders:  

Get SALT Encoding   

  12  0:44  Supply Depot  
  12  0:45  SCV  
  13  1:02  Refinery  
  13  1:08  Barracks, Refinery  
  13  1:17  Barracks  
  13  1:24  SCV  
  14  1:33  Barracks  
  14  1:50  SCV  
  15  1:54  Supply Depot  
  15  1:56  Reaper  
  16  2:06  Reaper  
  17  2:20  Orbital Command  
  17  2:22  Reaper  
  18  2:28  Reaper  
  19  2:38  Marine  
  20  2:53  Marine  
  20  2:56  Marine  
  22  3:00  Marine  
  23  3:11  Marine  
  24  3:14  Marine  
  24  3:18  Marine  
  26  3:20  Factory  
  25  3:29  Marine  
  25  3:32  Marine  
  25  3:33  Supply Depot  
  27  3:36  Marine  
  28  3:47  Barracks, Marine  
  29  3:49  Marine  
  29  3:54  Marine  
  28  4:05  Marine  
  28  4:06  Widow Mine  
  28  4:07  Marine  
  32  4:12  Marine  
  33  4:23  Marine  
  33  4:24  SCV  
  34  4:25  Marine  
  34  4:29  Marine  
  36  4:36  SCV  
  37  4:40  Marine  
  37  4:43  Marine  
  39  4:58  Supply Depot  
  39  5:12  Command Center  
  39  5:19  Widow Mine, Marine x3  
  40  5:34  SCV  
  36  5:37  Marine x3  
  39  5:46  Marine, SCV  
  46  6:00  Starport  
Show
View Real Time Build Order
Export as new Build Order

ChiefVirus Zerg - Winner!

Build Orders: Pool First 

Get SALT Encoding   

  12  0:01  Drone  
  13  0:13  Overlord  
  13  0:17  Drone  
  14  0:31  Drone x2  
  16  0:36  Drone  
  17  0:47  Drone  
  18  0:51  Spawning Pool  
  17  0:57  Drone, Extractor  
  17  1:07  Drone  
  18  1:21  Hatchery  
  17  1:28  Drone  
  17  1:31  Drone  
  19  1:37  Queen  
  21  1:42  Overlord  
  21  1:50  Drone  
  22  2:04  Zergling x2  
  23  2:12  Metabolic Boost  
  23  2:13  Queen  
  25  2:19  Drone  
  26  2:31  Drone  
  27  2:38  Queen  
  27  2:39  Overlord  
  27  2:43  Drone  
  30  2:54  Drone x3  
  30  2:55  Drone x2  
  35  3:04  Drone  
  36  3:07  Lair  
  36  3:10  Drone x2  
  38  3:28  Queen  
  38  3:30  Zergling x8  
  44  3:40  Overlord x2  
  44  3:45  Roach Warren  
  43  3:58  Zergling x6  
  47  4:02  Drone  
  47  4:03  Drone x2  
  49  4:13  Drone x4  
  49  4:14  Drone  
  49  4:15  Drone x2  
  53  4:32  Zergling x4  
  53  4:33  Overlord  
  53  4:34  Overlord  
  55  4:38  Glial Reconstitution  
  55  4:44  Roach x2  
  59  4:55  Extractor  
  59  4:57  Overlord, Extractor x2  
  59  4:59  Roach x5  
  62  5:34  Overseer  
  57  5:38  Roach x7  
Tags
 
Add a new tag
Caveats
  • Supply blocks, unpowered buildings, or Contaminate may cause inaccurate times.
  • Supply counts are checked every 10 seconds.